 Dungeon Crawl Stone Soup version 0.32-a0-7-ge934b4519a (console) character file.

Game seed: 9445040486807716297

77 petzl the Sneak (level 4, -1/35 HPs)
             Began as a Formicid Delver on Jan 14, 2024.
             Was an Initiate of Vehumet.
             Incinerated by a bombardier beetle (6 damage)
             ... with a burning spray
             ... on level 4 of the Dungeon.
             The game lasted 00:03:34 (313 turns).

petzl the Sneak (Formicid Delver)                    Turns: 313, Time: 00:03:35

Health: -1/35      AC:  3    Str: 17    XL:     4   Next: 60%
Magic:  6/8        EV: 12    Int: 11    God:    Vehumet [......]
Gold:   26         SH:  0    Dex: 15    Spells: 9/9 levels left

rFire   . . .        h - +0 flail
rCold   . . .        (no shield)
rNeg    . . .        b - +0 leather armour
rPois   .            (helmet unavailable)
rElec   .            (no cloak)
rCorr   .            (no gloves)
SInv    +            (no boots)
Will    .....        (no amulet)
Stlth   +            (no ring)
HPRegen 0.25/turn    (no ring)
MPRegen 0.11/turn

%: no passive effects
@: on fire, glowing
A: permanent stasis, dig shafts and tunnels, antennae 3, four strong arms
a: Dig, Shaft Self, Renounce Religion


You were on level 4 of the Dungeon.
You worshipped Vehumet.
Vehumet was noncommittal.
You visited 2 branches of the dungeon, and saw 5 of its levels.

You collected 26 gold pieces.

Inventory:

Hand Weapons
 a - a +0 mace
 h - a +0 flail (weapon)
Missiles
 j - 5 atropa-tipped darts
Armour
 b - a +0 leather armour (worn)
 k - a +0 ring mail
Wands
 f - a wand of digging (8)
 i - a wand of mindburst (5)
Scrolls
 c - a scroll of fog
 d - a scroll of revelation
 e - a scroll of fear
 l - a scroll of teleportation {unknown}
Potions
 g - a potion of brilliance {unknown}


   Skills:
 - Level 3.4 Fighting
 - Level 2.2 Maces & Flails
 - Level 2.0 Dodging
 - Level 6.1 Stealth
 + Level 3.2 Spellcasting


You had 9 spell levels left.
You didn't know any spells.
Your spell library was empty.

Dungeon Overview and Level Annotations

Branches:
Dungeon (6/15)             Temple (1/1) D:4

Altars:
Ashenzari
Cheibriados
Dithmenos
Fedhas
Gozag
Kikubaaqudgha
Makhleb
Qazlal
Sif Muna
Vehumet
Wu Jian
Yredelemnul
The Shining One

Portals:
Ossuary: D:4


Innate Abilities, Weirdness & Mutations

You cannot be hasted, slowed, berserked, paralysed or teleported.
You can dig through walls and to a lower floor.
You have a pair of large antennae on your head. (SInv)
Your four strong arms can wield two-handed weapons with a shield.


Message History

The burning spray misses you.
You hit the bombardier beetle.
The bombardier beetle is moderately wounded.
The liquid fire burns you!
You sock the bombardier beetle!
The bombardier beetle is severely wounded.
The liquid fire burns you!
The bombardier beetle closely misses you.
Aiming: Mindburst
Press: ? - help, Shift-Dir - straight line, f - bombardier beetle
Aim: a bombardier beetle (severely wounded, chance to affect: 64%)
The bombardier beetle struggles to resist.
The liquid fire burns you!
* * * LOW HITPOINT WARNING * * *
You hear an angry hiss.
The bombardier beetle bites you.
* * * LOW HITPOINT WARNING * * *
Okay, then.
Unknown command.
Unknown command.
Unknown command.
Aiming: Mindburst
Press: ? - help, Shift-Dir - straight line, f/p - bombardier beetle
Aim: a bombardier beetle (severely wounded, chance to affect: 64%)
Okay, then.
Unknown command.
Aiming: Mindburst
Press: ? - help, Shift-Dir - straight line, f/p - bombardier beetle
Aim: a bombardier beetle (severely wounded, chance to affect: 64%)
The bombardier beetle's mind is blasted!
You blow up the bombardier beetle!
Vehumet accepts your kill. The liquid fire burns you!
* * * LOW HITPOINT WARNING * * *
Your Spellcasting skill increases to level 3!
You have reached level 4!
You feel stronger.
You shake off some of the fire as you move.
The liquid fire burns you!
You die...

#.#.# #.##...#..####.#.# #.#.#
#.##.# #.......... #.#.#
#.#.#.##.......... #.#.####..#
#.#.#.##..#.# #.######........##
##..#.##..#.#
#......>....###..###.#.#.#......
#####...#..###...#.##.#.#.###.#
##...#.......#.###.#...# #..
##..#.#.#..##.### #.###.###.#
#....###....#.# #.# #.....#
#####..#...#...#...# #.# ###.###
.......#.....#....## #.# #.#
.#..#####.>.#####..## #.# #.#
##....#.....#....#.###.#####.#
##..#...#...#[..#...........###
#..[.###......(...###........
##..#.#.#..##.##..# #.#######
#....#.....#.#.#.# #.#
#.#..#..@.....##.# #.#
#>##....###..###.# #.# #.##.$..#
#..# #.# #.# #.##.##.# #.## #.#
#.# #.## ##.. ..# #.# #.# #.#
###.### #.# #.# #.# #. #.# ... .
#.# ### ## #.# <.#


There were no monsters in sight!

Vanquished Creatures
  A bombardier beetle (D:4)
  An orc wizard (D:3)
  An adder (D:4)
  3 orcs (D:4)
  An endoplasm (D:4)
  A quokka (D:4)
  A ball python (D:4)
9 creatures vanquished.

Notes
Turn   | Place    | Note
-------+----------+-------------------------------------------
     0 | D:5      | petzl the Formicid Delver began the quest for the Orb.
     0 | D:5      | Reached XP level 1. HP: 18/18 MP: 1/1
     1 | D:6      | Noticed an orc wizard
    13 | D:4      | Found a staircase to the Ecumenical Temple.
    15 | D:4      | Noticed a bombardier beetle
    22 | Temple   | Entered the Ecumenical Temple
    28 | Temple   | Became a worshipper of Vehumet
    81 | D:4      | Reached XP level 2. HP: 24/24 MP: 2/2
   171 | D:3      | Reached XP level 3. HP: 17/29 MP: 3/6
   211 | D:4      | Found a sand-covered staircase.
   313 | D:4      | Reached XP level 4. HP: 5/35 MP: 6/8
   313 | D:4      | Incinerated by a bombardier beetle

Illustrated notes

Levels and vault maps discovered:
D:3:      layout_rooms, hellmonk_ecumenical_altar_defaced_shrine
D:4:      layout_loops_ring, minmay_temple_entry_arrows,
          mainiacjoe_ossuary_entry_dusty_tomb
D:5:      layout_basic, nemelex_xobeh_ov_fountains_minmay,
          mainiacjoe_overflow_alcove_3, minmay_holes
D:6:      layout_rooms, mainiacjoe_overflow_paths, kennysheep_big_empty_room,
          nicolae_shop_i_like_small_books_too
Temple:   compressed_dpeg_triangle_lava_temple

Skill      XL: |  1  2  3 |
---------------+----------+-----
Dodging        | 2 |  2.0
Spellcasting   | 2 3 |  3.2
Fighting       | |  3.4
Maces & Flails | |  2.2
Stealth        | |  6.1

Action                     |  1- 3 |  4- 6 || total
---------------------------+-------+-------++-------
  Melee: Flail             |    34 |       ||    34
  Evoke: Wand              |     4 |       ||     4
 Armour: Leather armour    |    21 |       ||    21
  Dodge: Dodged            |    24 |       ||    24

Table legend: (Time is in decaauts)
 A = Elapsed time spent in this place.
 B = Non-inter-level travel time spent in this place.
 C = Inter-level travel time spent in this place.
 D = Time resting spent in this place.
 E = Time spent auto-exploring this place.
 F = Levels seen in this place.
 G = Mean time per level.
                   A        B        C        D        E       F      G
               +--------+--------+--------+--------+--------+-----+--------+
         Total |    324 |    313 |     11 |     61 |      0 |   5 |   64.8 |
       Dungeon |    311 |    311 |      0 |     61 |      0 |   4 |   77.8 |
        Temple |     12 |      1 |     11 |      0 |      0 |   1 |   12.0 |
               +--------+--------+--------+--------+--------+-----+--------+

Top non-repeatable levels by time:
     D:4: 273 daAuts
     D:3: 24 daAuts
  Temple: 12 daAuts
     D:5: 11 daAuts
     D:6: 1 daAuts
